 Dungeon Crawl Stone Soup version 0.30.1-11-g7821555f0a (webtiles) character file.

Game seed: 12129064835835358647

336 Ivernyr the Twirler (level 6, -4/47 HPs)
             Began as a Formicid Fighter on Dec 13, 2023.
             Splashed by a jelly's acid (11 damage)
             ... on level 7 of the Dungeon.
             The game lasted 00:06:26 (3752 turns).

Ivernyr the Twirler (Formicid Fighter)              Turns: 3752, Time: 00:06:26

Health: -4/47      AC: -5    Str: 22    XL:     6   Next: 84%
Magic:  6/6        EV:  9    Int:  8    God:
Gold:   226        SH:  5    Dex: 13    Spells: 5/5 levels left

rFire   . . .        a - +0 quarterstaff
rCold   . . .        c - +0 buckler
rNeg    . . .        b - +0 scale mail
rPois   +            (helmet unavailable)
rElec   .            (no cloak)
rCorr   .            (no gloves)
SInv    +            (no boots)
Will    .....        (no amulet) Stlth
                     k - ring of poison resistance
HPRegen 0.27/turn    (no ring)
MPRegen 0.10/turn

%: no passive effects
@: corroded
A: permanent stasis, dig shafts and tunnels, antennae 3, four strong arms
a: Dig, Shaft Self


You were on level 7 of the Dungeon.
You visited 1 branch of the dungeon, and saw 6 of its levels.

You collected 226 gold pieces.

Inventory:

Hand Weapons
 a - a +0 quarterstaff (weapon)
Armour
 b - a +0 scale mail (worn)
 c - a +0 buckler (worn)
Jewellery
 k - a ring of poison resistance (left hand)
Wands
 p - a wand of digging (2)
 r - a wand of polymorph (9)
 u - a wand of charming (15)
 v - a wand of flame (12)
Scrolls
 e - a scroll of blinking {unknown}
 h - 5 scrolls of identify {unknown}
 j - 3 scrolls of immolation {unknown}
 n - 4 scrolls of teleportation {unknown}
 o - 2 scrolls of vulnerability {unknown}
 q - 2 scrolls of magic mapping {unknown}
 s - a scroll of noise {unknown}
 t - a scroll of enchant armour {unknown}
 w - a scroll of fear {unknown}
Potions
 d - 3 potions of might
 f - a potion of magic {unknown}
 g - a potion of resistance {unknown}
 i - 3 potions of mutation {unknown}
 l - a potion of invisibility {unknown}
 m - a potion of degeneration {unknown}


   Skills:
 - Level 3.2 Fighting
 + Level 6.7 Staves
 - Level 3.2 Armour
 - Level 4.0 Shields


You had 5 spell levels left.
You didn't know any spells.
Your spell library contained the following spells:

 Spells                   Type           Power      Damage    Failure   Level
 Magic Dart               Conj           0%         1d3       80%         1
 Call Imp                 Summ           0%         N/A       91%         2
 Lesser Beckoning         Tloc           0%         N/A       91%         2
 Momentum Strike          Conj/Tloc      0%         3d8       91%         2
 Poisonous Vapours        Pois/Air       0%         N/A       91%         2
 Sublimation of Blood     Necr           0%         N/A       91%         2
 Mephitic Cloud           Conj/Pois/Air  0%         N/A       99%         3
 Ozocubu's Armour         Ice            0%         N/A       99%         3
 Petrify                  Tmut/Erth      0%         N/A       100%        4
 Freezing Cloud           Conj/Ice/Air   0%         6-21      100%        5
 Irradiate                Conj/Tmut      0%         3d11      100%        5
 Metabolic Englaciation   Hex/Ice        0%         N/A       100%        5
 Simulacrum               Ice/Necr       0%         N/A       100%        6
 Blink                    Tloc           Unusable   N/A       N/A         2

Dungeon Overview and Level Annotations

Branches:
Dungeon (5/15)
 Temple: D:4-7

Altars:

Shops:
D:1 [?:((   D:2 [?((?   D:4 *   D:5 *


Innate Abilities, Weirdness & Mutations

You cannot be hasted, slowed, berserked, paralysed or teleported.
You can dig through walls and to a lower floor.
You have a pair of large antennae on your head. (SInv)
Your four strong arms can wield two-handed weapons with a shield.


Message History

You start resting.
You hear a distant slurping noise.
You hear a squelching noise.
A jelly comes into view.
A jelly is nearby!
An orc wizard comes into view. It is wielding a +0 dagger.
The jelly quivers.
The orc wizard shouts!
You hear a shout!
You hear a distant slurping noise.
Found a fuming golden potion.
Found an escape hatch in the ceiling.
An orc wizard comes into view. It is wielding a +0 dagger.
The orc wizard points at you and mumbles some strange words.
You resist with some effort.
The jelly jiggles.
You sock the jelly!
Your hands burn!
The jelly is moderately wounded.
The orc wizard hits you but does no damage.
An orc comes into view. It is wielding a +0 club.
The jelly hits you but does no damage.
You barely miss the jelly.
The jelly is moderately wounded.
The orc shouts!
An orc priest comes into view. It is wielding a +0 hand axe.
The orc wizard hits you but does no damage.
The jelly hits you but does no damage.
The orc priest shouts!
You sock the jelly! The acid corrodes you!
Your hands burn!
The jelly is heavily wounded.
An orc comes into view. It is wielding a +0 dagger.
The jelly hits you.
You are splashed with acid!
The orc wizard closely misses you. The orc wizard barely misses you.
The jelly hits you. The acid corrodes you!
You are splashed with acid!
The orc wizard mumbles some strange words.
The orc wizard flickers and vanishes for a moment.
You block the jelly's attack. The jelly hits you. The acid corrodes you!
You are splashed with acid!
* * * LOW HITPOINT WARNING * * *
The jelly attacks as you move away! The jelly hits you.
* * * LOW HITPOINT WARNING * * *
You are splashed with acid!
You die...

#.#.. ..#..............
#.#.#+#.#.............
#....................
#...................
+................... .
#...................
...##............#...###
.......Jo#......#.....# #
...ooo.o@+......##....###
.........###....###...#..
..!......<......# #.....#
....#+#+#.......# #..#.##
.### ##.#....# ##...##
..+....# #>.... ##.#....#
###### . ......


You could see a jelly, an orc priest, 2 orc wizards and 2 orcs.

Vanquished Creatures
  A scorpion (D:5)
  A jelly (D:7)
  Ijyb (D:3)
  An iguana (D:4)
  Terence (D:3)
  6 adders
  A white imp (D:7)
  4 dart slugs
  3 orcs (D:5)
  2 ball pythons (D:2)
  8 endoplasms
  3 giant cockroaches
  4 goblins
  11 hobgoblins
  2 jackals (D:1)
  10 kobolds
  3 quokkas
  8 bats
  2 frilled lizards
  8 rats
80 creatures vanquished.

Notes
Turn   | Place    | Note
-------+----------+-------------------------------------------
     0 | D:1      | Ivernyr the Formicid Fighter began the quest for the Orb.
     0 | D:1      | Reached XP level 1. HP: 18/18 MP: 1/1
   157 | D:1      | Found Yhaxyoso's Antique Weapon Boutique.
   178 | D:1      | Reached XP level 2. HP: 22/24 MP: 2/2
   206 | D:1      | Found Uheharr's Weapon Emporium.
   236 | D:1      | Found Tite's Book Shop.
   306 | D:1      | Reached skill level 3 in Staves
   308 | D:1      | Found Abli Epn's Magic Scroll Boutique.
   329 | D:1      | Found Feriuk Feuhe's Armour Shoppe.
   332 | D:1      | Found a faded altar of an unknown god.
   447 | D:1      | Reached XP level 3. HP: 29/29 MP: 3/3
   892 | D:2      | Found Wiliot's Magic Scroll Boutique.
  1124 | D:2      | Found Igirhud's Weapon Boutique.
  1127 | D:2      | Found Zinydiad's Antique Weapon Emporium.
  1173 | D:2      | Found Cosmamn's Armour Boutique.
  1193 | D:2      | Reached skill level 4 in Staves
  1193 | D:2      | Reached XP level 4. HP: 35/35 MP: 4/4
  1432 | D:2      | Found Zekeareulino's Magic Scroll Emporium.
  1757 | D:3      | Noticed Terence
  1779 | D:3      | Killed Terence
  1780 | D:3      | Reached skill level 5 in Staves
  1780 | D:3      | Reached XP level 5. HP: 25/41 MP: 5/5
  2008 | D:3      | Noticed Ijyb
  2018 | D:3      | Killed Ijyb
  2049 | D:3      | Identified the +3 trident "Poasuin" {spect, Will- Str+2
                  | Int+4}
  2692 | D:4      | Reached XP level 6. HP: 34/47 MP: 6/6
  2940 | D:4      | Found Meicwis's Assorted Antiques.
  2946 | D:4      | Reached skill level 6 in Staves
  3300 | D:5      | Entered Level 5 of the Dungeon
  3306 | D:5      | Found Zacuif's Assorted Antiques.
  3369 | D:5      | HP: 2/47 [orc/+0 short sword (4)]
  3371 | D:5      | You fall into a shaft and drop 2 floors!
  3752 | D:7      | Splashed by a jelly's acid

Illustrated notes

Levels and vault maps discovered:
D:1:      dpeg_arrival_circle_labyrinth_b, layout_basic, serial_shops,
          nicolae_shop_getting_attention, nicolae_shop_crystal,
          nicolae_shop_tiny_waterfront, nicolae_lakefront_shop, shop,
          chequers_ecumenical_altar_simple_redux
D:2:      layout_basic, serial_shops, nicolae_shop_competitors_out_of_business,
          shop, shop, nicolae_shop_competitors_out_of_business,
          nicolae_shop_advertising_works [nicolae_subvault_shop_adworks],
          serial_aquarium, aquarium_bridge_square [aquarium_subvault_wall,
          aquarium_subvault_window, aquarium_subvault_bridge,
          aquarium_subvault_bridge], aquarium_bridge_square
          [aquarium_subvault_window, aquarium_subvault_bridge,
          aquarium_subvault_bridge, aquarium_subvault_bridge],
          aquarium_window_1, aquarium_window_2, aquarium_window_corridor_2,
          aquarium_window_2, aquarium_view_2g, aquarium_pool_2
D:3:      minmay_spotlight, layout_basic,
          nicolae_concentric_dashed_squares_wild, uniq_terence, uniq_ijyb
D:4:      layout_basic, serial_shops, nicolae_take_the_stairs,
          kennysheep_opposing_triangles
D:5:      layout_gridville, minmay_temple_entry_antechambers, serial_shops,
          nicolae_shop_dealshenge, uniq_sigmund
D:7:      layout_basic

Skill      XL: |  1  2  3  4  5  6 |
---------------+-------------------+-----
Staves         | 3 4 5 6 |  6.7
Fighting       | |  3.2
Armour         | |  3.2
Shields        | |  4.0

Action                     |  1- 3 |  4- 6 || total
---------------------------+-------+-------++-------
  Melee: Quarterstaff      |    75 |   147 ||   222
Ability: Dig               |     2 |       ||     2
         Shaft Self        |       |     1 ||     1
 Armour: Scale mail        |    31 |    60 ||    91
  Dodge: Dodged            |    42 |    54 ||    96
  Block: Buckler           |    17 |    40 ||    57
